 Dungeon Sprint DCSS version 0.30-a0-51-g784eafce7f (webtiles) character file.

Game seed: 10960075039195375642

10 Ankalagon the Shooter (level 2, -5/24 HPs)
             Began as a Demigod Hunter on Sept 5, 2022.
             Slain by Menkaure (14 damage)
             ... in the Dungeon (Sprint II: "The Violet Keep of Menkaure").
             The game lasted 00:00:36 (189 turns).

Ankalagon the Shooter (Demigod Hunter)               Turns: 189, Time: 00:00:37

Health: -5/24      AC:  3    Str: 12    XL:     2   Next: 0%
Magic:  4/4        EV: 12    Int: 11    God:
Gold:   243        SH:  0    Dex: 17    Spells: 1/1 levels left

rFire   . . .      SeeInvis .    a - +0 shortbow
rCold   . . .      Faith    .    (shield currently unavailable)
rNeg    . . .      Spirit   .    c - +0 leather armour
rPois   .          Reflect  .    (no helmet)
rElec   .          Harm     .    (no cloak)
rCorr   .          Rampage  .    (no gloves)
Will    .....      NoTele   +    (no boots)
Stlth   ++........               (no amulet)
HPRegen 0.08/turn                (no ring)
MPRegen 0.09/turn                (no ring)

@: no status effects
A: high MP 1, forlorn, divine attributes
a: no special abilities


You were in the Dungeon.
You visited 1 branch You collected 243 gold pieces.

Inventory:

Hand Weapons
 a - a +0 shortbow (weapon)
Armour
 c - a +0 leather armour (worn)
Scrolls
 b - a scroll of immolation
 i - a scroll of blinking
Potions
 d - a potion of curing
 e - a potion of heal wounds
 f - a potion of haste
 g - 2 potions of magic
 h - a potion of berserk rage


   Skills:
 - Level 1.7 Fighting
 + Level 5.4 Ranged Weapons
 - Level 1.7 Dodging
 - Level 0.8 Stealth


You had one spell level left.
You didn't know any spells.
Your spell library was empty.

Dungeon Overview and Level Annotations

Branches:
Dungeon (1/1)

Annotations:
D Menkaure


Innate Abilities, Weirdness & Mutations

You have an increased reservoir of magic. (+10% MP)
You shall have no god before yourself.
Your divine heritage dramatically boosts your attributes as you level up.


Message History

Aim: a worm (severely wounded, 79% to hit)
You shoot an arrow. The arrow hits the worm!
You kill the worm!
You have reached level 2!
You start resting.
HP restored.
There is an open door here.
You see here a worm corpse.
The ice statue glitters chillingly in the dim dungeon light.
The ice statue glitters chillingly in the dim dungeon light.
Fire: a) +0 shortbow
Press: ? - help, Q - select action Shift-Dir - straight line, f - Menkaure
Aim: Menkaure (wandering, hasn't noticed you, 76% to hit)
You shoot an arrow.
Menkaure shouts!
The arrow hits Menkaure!
Menkaure is moderately damaged.
Menkaure hits you.
Fire: a) +0 shortbow
Press: ? - help, Q - select action Shift-Dir - straight line, f/p - Menkaure
Aim: Menkaure (moderately damaged, 76% to hit)
You shoot an arrow. The arrow hits Menkaure.
Menkaure is heavily damaged.
Menkaure hits you.
Fire: a) +0 shortbow
Press: ? - help, Q - select action Shift-Dir - straight line, f/p - Menkaure
Aim: Menkaure (heavily damaged, 76% to hit)
You shoot an arrow.
The arrow hits Menkaure but does no damage.
Menkaure is heavily damaged.
Menkaure gestures at you while chanting.
Pain shoots through your body!
Fire: a) +0 shortbow
Press: ? - help, Q - select action Shift-Dir - straight line, f/p - Menkaure
Aim: Menkaure (heavily damaged, 76% to hit)
You shoot an arrow. The arrow hits Menkaure.
Menkaure is severely damaged.
Menkaure hits you!
Ouch! That really hurt!
You die...

....... .°..°
○.8.. ... .°.
#~~#+++#+++##
~~~.........#
#M## #.#@##
#.##..#
###†.## #†##
##.## +.<.+
##.## #+#


You could see an ice statue and Menkaure.

Vanquished Creatures
  3 worms (D)
3 creatures vanquished.

Vanquished Creatures (others)
  A water moccasin (D)
1 creature vanquished.

Grand Total: 4 creatures vanquished

Notes
Turn   | Place    | Note
-------+----------+-------------------------------------------
     0 | D        | Ankalagon the Demigod Hunter began the quest for the Orb.
     0 | D        | Reached XP level 1. HP: 17/17 MP: 3/3
     7 | D        | Reached skill level 4 in Ranged Weapons
    14 | D        | Reached skill level 5 in Ranged Weapons
    76 | D        | Noticed an ice statue
    78 | D        | Noticed Menkaure
    93 | D        | Reached XP level 2. HP: 16/24 MP: 4/4
    98 | D        | Killed a water moccasin
   189 | D        | Slain by Menkaure

Illustrated notes

Levels and vault maps discovered:
D:        the_violet_keep_of_menkaure [sprint2_stairs_cluster_1,
          sprint2_shoproom, sprint2_temple, sprint2_basic_supplies,
          sprint2_obstacle_3, sprint2_obstacle_5, sprint2_obstacle_2,
          sprint2_obstacle_1, sprint2_obstacle_4, sprint2_timed_cluster_1,
          sprint2_smallroom_cluster_1, sprint2_smallroom_final_cluster_1,
          sprint2_transparent_cluster_1, sprint2_second_timed_cluster_1,
          sprint2_sniper_area_1, sprint2_heavy_combat_area_1,
          sprint2_mutation_trap_area_1, sprint2_forest_area_1,
          sprint2_light_combat_area_1, sprint2_behind_water_1,
          sprint2_near_end_vault_1]

Skill      XL: |  1 |
---------------+----+-----
Ranged Weapons | 5 |  5.4
Fighting       | |  1.7
Dodging        | |  1.7
Stealth        | |  0.8

Action                   || total
-------------------------++-------
 Fire: Shortbow          ||    26
Armor: Leather armour    ||     2
Dodge: Dodged            ||     6

Table legend: (Time is in decaauts)
 A = Elapsed time spent in this place.
 B = Non-inter-level travel time spent in this place.
 C = Inter-level travel time spent in this place.
 D = Time resting spent in this place.
 E = Time spent auto-exploring this place.
 F = Levels seen in this place.
 G = Mean time per level.
                   A        B        C        D        E       F      G
               +--------+--------+--------+--------+--------+-----+--------+
         Total |    196 |    196 |      0 |    146 |      0 |   1 |  196.0 |
       Dungeon |    196 |    196 |      0 |    146 |      0 |   1 |  196.0 |
               +--------+--------+--------+--------+--------+-----+--------+

Top non-repeatable levels by time:
       D: 196 daAuts
